 Dungeon Crawl Stone Soup version 0.28.0 (webtiles) character file.

Game seed: 12402888044227110893

2001 trckry the Archer (level 9, -4/72 HPs)
             Began as a Minotaur Hunter on Feb 13, 2022.
             Slain by an orc warrior (6 damage)
             ... on level 7 of the Dungeon.
             The game lasted 00:12:36 (5794 turns).

trckry the Archer (Minotaur Hunter)                 Turns: 5794, Time: 00:12:37

Health: -4/72      AC: 14    Str: 22    XL:     9   Next: 2%
Magic:  8/8        EV:  9    Int:  8    God:
Gold:   181        SH:  0    Dex: 10    Spells: 8/8 levels left

rFire   . . .      SeeInvis .   b - +0 morningstar
rCold   . . .      Faith    .   (no shield)
rNeg    . . .      Spirit   .   g - +0 storm dragon scales
rPois   +          Reflect  .   (helmet restricted)
rElec   +          Harm     .   (no cloak)
rCorr   .          Rampage  .   (no gloves)
Will    .....                   u - +0 pair of boots
Stlth   ..........              t - amulet of regeneration
HPRegen 1.02/turn               m - ring of poison resistance
MPRegen 0.11/turn               (no ring)

@: no status effects
A: horns 2, retaliatory headbutt
a: no special abilities


You were on level 7 of the Dungeon.
You visited 1 branch of the dungeon, and saw 7 of its levels.

You collected 181 gold pieces.

Inventory:

Hand Weapons
 a - a +1 shortbow
 b - a +0 morningstar (weapon)
Missiles
 d - 75 arrows
 o - 6 poisoned darts (quivered)
 r - 5 silver boomerangs
Armour
 g - +0 storm dragon scales (worn)
 u - a +0 pair of boots (worn)
Jewellery
 m - a ring of poison resistance (left hand)
 t - an amulet of regeneration (around neck)
Scrolls
 c - 5 scrolls of identify {unknown}
 f - a scroll of magic mapping {unknown}
 j - a scroll of holy word {unknown}
 l - a scroll of teleportation {unknown}
 n - 2 scrolls of enchant armour {unknown}
 p - a scroll of blinking {unknown}
 q - a scroll of amnesia {unknown}
 v - 2 scrolls of immolation {unknown}
 w - a scroll of fear {unknown}
 x - a scroll of summoning {unknown}
 y - a scroll of brand weapon {unknown}
Potions
 e - a potion of haste {unknown}
 h - 2 potions of cancellation {unknown}
 i - a potion of curing {unknown}
 k - a potion of ambrosia {unknown}
 s - a potion of degeneration {unknown}
 z - a potion of berserk rage {unknown}


   Skills:
 + Level 4.6 Fighting
 * Level 9.6 Bows
 + Level 6.2 Armour
 + Level 4.2 Dodging
 - Level 0.7 Stealth
 + Level 4.4 Evocations


You had 8 spell levels left.
You didn't know any spells.
Your spell library contained the following spells:

 Spells                   Type           Power      Damage    Failure   Level
 Magic Dart               Conj           0%         1d3       97%         1
 Slow                     Hex            0%         N/A       97%         1
 Searing Ray              Conj           0%         2d4       99%         2
 Confusing Touch          Hex            0%         N/A       100%        3
 Ignite Poison            Fire/Tmut/Pois 0%         N/A       100%        3
 Mephitic Cloud           Conj/Pois/Air  0%         N/A       100%        3
 Vampiric Draining        Necr           0%         2d6       100%        3
 Fulminant Prism          Conj/Hex       0%         3d6       100%        4
 Freezing Cloud           Conj/Ice/Air   0%         6-21      100%        5
 Iskenderun's Battlesphe  Conj           0%         2d6       100%        5
 Iron Shot                Conj/Erth      0%         9d1       100%        6
 Spellforged Servitor     Conj/Summ      0%         N/A       100%        7


Dungeon Overview and Level Annotations

Branches:
Dungeon (7/15)
 Temple: D:4-7

Altars:
Sif Muna


Innate Abilities, Weirdness & Mutations

You have a pair of horns on your head.
You reflexively headbutt those who attack you in melee.


Message History

The gnoll sergeant hits you but does no damage.
Something hits you.
Items here: )) [ ††.
You miss something. You headbutt something.
The orc warrior hits you with a +0 scimitar!
The gnoll sergeant hits you but does no damage.
Something hits you but does no damage.
The gnoll sergeant hits you from afar with a +0 spear.
The orc warrior hits you with a +0 scimitar!
* * * LOW HITPOINT WARNING * * *
You hear some strange, mumbled words.
A puff of flame appears from out of thin air!
The puff of flame hits you but does no damage.
You closely miss something. Your headbutt misses something.
The orc warrior hits you with a +0 scimitar.
* * * LOW HITPOINT WARNING * * *
The gnoll sergeant hits you from afar with a +0 spear.
* * * LOW HITPOINT WARNING * * *
Something hits you but does no damage.
You closely miss the orc warrior. You headbutt the orc warrior.
The orc warrior is lightly wounded.
The orc warrior barely misses you. The gnoll sergeant closely misses you.
Something hits you but does no damage.
The gnoll sergeant hits you but does no damage.
The orc warrior hits you with a +0 scimitar.
* * * LOW HITPOINT WARNING * * *
Something hits you but does no damage.
You hit the orc warrior. You headbutt the orc warrior!
The orc warrior is severely wounded.
The orc warrior hits you with a +0 scimitar!
* * * LOW HITPOINT WARNING * * *
The gnoll sergeant hits you but does no damage.
You hear some strange, mumbled words.
A puff of flame appears from out of thin air!
The puff of flame hits you.
* * * LOW HITPOINT WARNING * * *
You barely miss the orc warrior. You headbutt the orc warrior.
The orc warrior is severely wounded.
The orc warrior hits you with a +0 scimitar.
You die...

............
..............#
.....###......#
#...# ###....#
#...# #....#
##...## ......
#.(... #.#...
####5#.##
#.....
#.@{o...#
##o###.<# #g#
#..# .ggg...o#
......#o.
........o##
.#......#5#
.......#....
...#....#.##.


You could see an orc warrior, a gnoll sergeant, 3 gnolls, a shadow imp and an
orc.

Vanquished Creatures
  Grinder (D:3)
  A steam dragon (D:4)
  A water moccasin (D:5)
  A sky beast (D:6)
  A black bear (D:4)
  A necrophage (D:5)
  A centaur (D:6)
  2 ogres
  A phantom (D:5)
  2 scorpions
  6 water moccasin skeletons
  A centaur zombie (D:6)
  4 hounds
  2 orc priests
  A bullfrog skeleton (D:6)
  2 iguanas
  2 orc wizards
  A hound skeleton (D:5)
  6 adders
  A howler monkey skeleton (D:5)
  A river rat (D:3)
  A shadow imp (D:5)
  2 adder skeletons (D:4)
  5 worms
  5 dart slugs
  14 orcs
  11 ball pythons
  4 bats
  9 endoplasms
  9 giant cockroaches
  10 goblins
  8 hobgoblins
  A quokka (D:1)
  2 frilled lizards
  6 kobolds
  4 rats
130 creatures vanquished.

Notes
Turn   | Place    | Note
-------+----------+-------------------------------------------
     0 | D:1      | trckry the Minotaur Hunter began the quest for the Orb.
     0 | D:1      | Reached XP level 1. HP: 18/18 MP: 0/0
   216 | D:1      | Reached XP level 2. HP: 25/25 MP: 1/1
   292 | D:1      | Reached skill level 5 in Bows
   315 | D:1      | Reached skill level 1 in Armour
   829 | D:1      | Reached XP level 3. HP: 30/30 MP: 2/2
  1428 | D:2      | Found a shimmering blue altar of Sif Muna.
  1490 | D:2      | Reached XP level 4. HP: 34/37 MP: 3/3
  1697 | D:3      | Noticed Grinder
  2066 | D:3      | Reached skill level 1 in Evocations
  2214 | D:3      | Reached skill level 6 in Bows
  2215 | D:3      | Reached XP level 5. HP: 14/42 MP: 4/4
  2222 | D:3      | Found a faded altar of an unknown god.
  2235 | D:3      | Paralysed by Grinder for 5 turns
  2242 | D:3      | HP: 5/42 [Grinder (3)]
  2260 | D:3      | Paralysed by Grinder for 7 turns
  2514 | D:3      | Paralysed by Grinder for 4 turns
  2529 | D:3      | Killed Grinder
  2530 | D:3      | Reached XP level 6. HP: 17/50 MP: 5/5
  2574 | D:3      | HP: 6/50 [worm (7)]
  3086 | D:4      | Reached skill level 7 in Bows
  3257 | D:3      | Reached XP level 7. HP: 21/56 MP: 6/6
  3471 | D:4      | Noticed a steam dragon
  3488 | D:4      | Killed a steam dragon
  3924 | D:4      | Reached skill level 8 in Bows
  3976 | D:5      | Entered Level 5 of the Dungeon
  4040 | D:5      | Reached skill level 5 in Armour
  4161 | D:5      | Reached XP level 8. HP: 56/62 MP: 7/7
  4753 | D:6      | Reached skill level 9 in Bows
  5574 | D:7      | Noticed a two-headed ogre
  5752 | D:6      | Reached XP level 9. HP: 72/72 MP: 8/8
  5791 | D:7      | HP: 8/72 [gnoll sergeant (4)]
  5793 | D:7      | HP: 3/72 [orc warrior (7)]
  5793 | D:7      | HP: 1/72 [something/puff of flame (2)]
  5794 | D:7      | Slain by an orc warrior

Illustrated notes

Levels and vault maps discovered:
D:1:      dpeg_arrival_concentric_ovals, layout_basic, st_stairs_9
D:2:      layout_rooms, basic_altar
D:3:      layout_rooms, portal_sewer_entry_b, ebering_ecumenical_altar_hall,
          uniq_grinder
D:4:      layout_layer_cave
D:5:      layout_basic, serial_bayou_pond_e
D:6:      layout_gridville
D:7:      layout_basic, minmay_temple_entry_from_below_a, grunt_ministairs_6,
          uniq_joseph

Skill      XL: |  1  2  3  4  5  6  7  8 |
---------------+-------------------------+-----
Bows           | 5 6 7 8 9 |  9.6
Armour         | 1 2 3 4 5 6 |  6.2
Evocations     | 1 2 3 4 |  4.4
Fighting       | 3 4 |  4.6
Dodging        | 4 |  4.2
Stealth        | |  0.7

Action                   |  1- 3 |  4- 6 |  7- 9 || total
-------------------------+-------+-------+-------++-------
Melee: Short sword       |    55 |    11 |       ||    66
       Headbutt          |     9 |    31 |    50 ||    90
       Hand axe          |       |    70 |       ||    70
       Long sword        |       |    33 |    27 ||    60
       Morningstar       |       |       |   177 ||   177
       Punch             |       |       |     1 ||     1
 Fire: Shortbow          |    55 |    14 |       ||    69
Throw: Dart              |       |       |     1 ||     1
Armor: Leather armour    |     1 |       |       ||     1
       Storm dragon scal |    52 |    81 |   195 ||   328
Dodge: Dodged            |    34 |    39 |   119 ||   192
